Map: Odyssey LE

Players

Awers (Hades) - Winner!

  • Race: Terran Terran
  • Spawn Location: 5:00

ZhuGeLiang

  • Race: Zerg Zerg
  • Spawn Location: 11:00

Event: WCS Jonkoping 2017

VOD

Have the link to the VOD?

Description

Time

  • Played on: June 17, 2017, 8:24 a.m.
  • Length: 13:44

All games in this series

Show
View Real Time Build Order
Export as new Build Order

Awers Terran - Winner!

Build Orders: Reaper Expand, Mech 

Get SALT Encoding   

  12  0:01  SCV  
  13  0:13  SCV  
  14  0:17  Supply Depot  
  14  0:25  SCV  
  15  0:28  Refinery  
  15  0:39  SCV  
  16  0:45  Barracks  
  16  0:51  SCV  
  17  1:03  SCV  
  18  1:15  SCV  
  19  1:31  Orbital Command  
  19  1:32  Reaper  
  20  1:44  Command Center  
  20  1:55  Factory  
  20  1:59  SCV  
  21  2:07  Barracks Reactor, Refinery  
  21  2:11  SCV  
  22  2:17  Supply Depot  
  22  2:23  SCV  
  23  2:38  SCV  
  24  2:46  Armory  
  24  2:51  Hellion x2  
  28  2:52  SCV  
  28  2:57  Orbital Command  
  29  3:04  SCV  
  30  3:12  Hellion  
  32  3:14  Hellion  
  32  3:16  SCV  
  35  3:24  SCV  
  36  3:27  Supply Depot  
  36  3:28  SCV  
  37  3:36  SCV  
  37  3:37  Cyclone  
  37  3:41  Cyclone  
  43  3:44  SCV  
  43  3:47  Terran Vehicle Weapons Level 1  
  44  3:49  SCV  
  44  3:54  Supply Depot  
  46  3:56  SCV  
  46  4:02  SCV  
  47  4:08  SCV  
  47  4:09  Cyclone  
  51  4:13  Cyclone  
  51  4:16  SCV, Supply Depot  
  55  4:22  SCV  
  56  4:30  SCV  
  57  4:32  Command Center  
  57  4:35  SCV  
  58  4:39  Refinery  
  58  4:40  Refinery  
  58  4:41  Cyclone  
  61  4:45  Supply Depot  
  61  4:48  Cyclone  
  61  4:49  SCV  
  61  4:51  SCV  
  66  5:01  SCV  
  66  5:03  SCV  
  68  5:12  Factory  
  68  5:13  SCV  
  69  5:16  SCV  
  69  5:17  Factory  
  70  5:25  SCV  
  70  5:28  SCV  
  72  5:31  Hellion x2  
  72  5:35  Factory  
  76  5:36  Supply Depot  
  76  5:37  SCV  
  76  5:40  SCV  
  78  5:45  Orbital Command  
  78  5:49  Terran Vehicle Weapons Level 2  
  78  5:51  SCV  
  78  5:54  Hellion  
  78  5:55  Hellion, SCV  
  84  5:57  Supply Depot  
  84  6:07  Factory Tech Lab x2  
  84  6:09  SCV  
  85  6:17  Hellion x2  
  89  6:21  Orbital Command  
  89  6:22  SCV  
  90  6:32  SCV  
  87  6:34  Siege Tank x2  
  87  6:35  Factory Tech Lab  
  93  6:40  Factory  
  93  6:42  SCV  
  94  6:49  SCV  
  94  6:50  Cyclone x2  
  101  6:55  SCV  
  101  6:56  Supply Depot  
  101  6:58  SCV, Supply Depot x2  
  101  7:00  Supply Depot  
  103  7:04  Hellion, SCV  
  103  7:05  Hellion x4  
  103  7:06  Siege Tank  
  107  7:12  SCV x2  
  109  7:15  Refinery x2  
  109  7:18  Siege Tank x2  
  109  7:21  SCV  
  109  7:22  Supply Depot  
  116  7:24  Supply Depot  
  116  7:29  Factory Reactor  
  116  7:30  SCV  
  116  7:32  SCV  
  116  7:36  Supply Depot  
  118  7:37  Supply Depot  
  118  7:39  SCV  
  118  7:41  Command Center  
  118  7:43  SCV  
  120  7:50  Siege Tank  
  120  7:51  Siege Tank, Hellion, SCV  
  126  7:52  Hellion  
  126  7:55  SCV x2  
  126  7:57  Siege Tank  
  136  8:06  Cyclone  
  136  8:07  Cyclone  
  136  8:10  Starport  
  142  8:14  Supply Depot  
  142  8:18  Supply Depot  
  142  8:19  Supply Depot  
  142  8:25  Siege Tank, Thor  
  151  8:31  Terran Vehicle And Ship Armor Level 1  
  151  8:38  Hellion  
  153  8:43  Hellion  
  153  8:46  Starport  
  153  8:47  Infernal Pre-Igniter  
  155  8:50  SCV  
  156  8:59  Siege Tank, Hellion  
  159  9:08  Siege Tank, Hellion x4  
  167  9:20  Cyclone  
  164  9:29  Cyclone, Widow Mine x2  
  142  9:45  Viking  
  142  9:46  Starport Tech Lab  
  136  10:09  Siege Tank, Hellion  
  136  10:11  Hellion  
  126  10:15  Viking  
  126  10:18  Hellion  
  97  10:36  SCV x2  
  99  10:45  Viking  
  99  10:47  Siege Tank x2, SCV  
  103  10:59  Terran Vehicle Weapons Level 3  
  103  11:01  SCV x3  
  107  11:09  Hellion x4  
  106  11:13  SCV x2  
  106  11:15  Hellion x2, Thor  
  116  11:19  Viking  
  116  11:24  SCV x2  
  116  11:25  SCV x2  
  120  11:34  Viking  
  120  11:36  SCV x2  
  124  11:44  Thor  
  124  11:45  Siege Tank, Hellion  
  135  11:47  Engineering Bay  
  135  11:49  Viking  
  134  11:58  Cyclone x2  
  134  11:59  SCV x2  
  140  12:05  Hellion  
  138  12:14  Planetary Fortress  
  138  12:15  Viking  
  140  12:19  Viking  
  142  12:23  Hellion x2  
  142  12:24  Hellion  
  142  12:27  Siege Tank  
  153  12:37  Hellion x2  
  149  12:44  Thor  
  149  12:47  SCV x2  
  149  12:48  SCV  
  158  12:53  SCV  
  158  12:54  Siege Tank  
  162  12:59  SCV  
  162  13:00  SCV  
  162  13:02  Siege Tank, Hellion  
  162  13:03  Hellion  
  171  13:11  Hellion x2  
Show
View Real Time Build Order
Export as new Build Order

ZhuGeLiang Zerg 

Build Orders: Hatch First 

Get SALT Encoding   

  12  0:01  Drone  
  13  0:12  Overlord  
  13  0:16  Drone  
  14  0:31  Drone x2  
  17  0:35  Drone  
  17  0:51  Hatchery  
  17  0:54  Drone  
  17  0:58  Drone  
  17  1:02  Extractor  
  17  1:13  Spawning Pool  
  17  1:16  Drone  
  17  1:19  Drone  
  18  1:28  Drone  
  19  1:39  Overlord  
  19  1:59  Queen  
  19  2:00  Zergling x4  
  23  2:02  Metabolic Boost  
  23  2:04  Queen  
  26  2:08  Zergling x2  
  26  2:11  Drone  
  26  2:14  Drone  
  28  2:22  Drone  
  29  2:25  Drone  
  30  2:34  Overlord  
  30  2:35  Queen  
  32  2:37  Drone  
  32  2:43  Drone  
  34  2:46  Drone  
  35  2:52  Queen  
  35  2:54  Overlord  
  35  2:57  Drone  
  38  3:05  Drone  
  39  3:08  Drone x4  
  39  3:12  Drone  
  44  3:14  Drone  
  44  3:15  Drone  
  44  3:18  Drone  
  47  3:29  Hatchery  
  47  3:31  Drone  
  47  3:35  Queen  
  47  3:39  Queen  
  51  3:43  Overlord  
  51  3:45  Zergling x2  
  52  3:51  Overlord  
  52  3:56  Overlord  
  52  4:01  Zergling x2  
  52  4:02  Zergling x4, Drone  
  56  4:03  Drone x2  
  58  4:10  Extractor  
  58  4:11  Roach Warren  
  56  4:17  Extractor  
  56  4:18  Extractor, Drone x7  
  61  4:24  Drone  
  62  4:34  Drone x2  
  64  4:38  Overlord  
  64  4:39  Overlord  
  64  4:48  Overlord  
  64  4:52  Overlord  
  64  4:53  Roach  
  64  4:54  Roach x4  
  64  4:57  Overlord  
  64  4:59  Roach x2  
  78  5:05  Roach x2  
  82  5:12  Roach x3  
  88  5:15  Drone  
  88  5:17  Drone  
  89  5:27  Ravager x4  
  89  5:28  Ravager, Overlord  
  94  5:29  Overlord  
  94  5:31  Lair  
  94  5:35  Evolution Chamber  
  93  5:36  Roach  
  93  5:37  Evolution Chamber  
  93  5:42  Roach x2  
  98  5:49  Roach x3  
  104  6:08  Zerg Ground Armor Level 1, Drone, Zerg Missile Weapons Level 1  
  104  6:09  Drone x7  
  110  6:14  Drone x2  
  110  6:15  Drone x2  
  110  6:18  Drone x2  
  116  6:22  Drone x2  
  118  6:27  Drone  
  118  6:28  Drone x2  
  118  6:30  Overlord  
  121  6:34  Glial Reconstitution  
  121  6:37  Infestation Pit  
  120  6:40  Drone  
  120  6:41  Hydralisk Den  
  120  6:52  Drone x4  
  120  6:54  Extractor  
  123  6:55  Extractor  
  122  7:02  Drone  
  122  7:03  Hatchery  
  122  7:05  Drone  
  122  7:06  Overlord  
  123  7:11  Overlord  
  123  7:15  Muscular Augments  
  123  7:16  Hive  
  123  7:20  Overlord x5  
  123  7:22  Hydralisk  
  123  7:23  Hydralisk  
  123  7:25  Hydralisk  
  129  7:31  Hydralisk x3  
  135  7:39  Roach x4  
  135  7:43  Overseer  
  142  7:46  Roach x3  
  148  7:55  Drone x5  
  153  8:04  Zerg Missile Weapons Level 2, Zerg Ground Armor Level 2  
  153  8:06  Overlord x2  
  153  8:18  Overlord  
  153  8:25  Extractor  
  152  8:28  Viper x2  
  152  8:32  Drone x2  
  160  8:35  Roach x7  
  160  8:39  Roach  
  160  8:40  Roach  
  178  8:48  Roach x6  
  190  8:56  Spore Crawler  
  190  8:57  Roach x4  
  196  9:07  Roach  
  182  9:24  Roach x9  
  182  9:28  Roach x5  
  194  9:32  Roach  
  194  9:37  Roach  
  182  9:41  Roach  
  182  9:47  Roach  
  180  9:55  Roach  
  180  9:57  Hatchery  
  163  10:00  Roach  
  131  10:09  Roach  
  131  10:10  Roach  
  131  10:12  Roach  
  116  10:19  Hatchery  
  116  10:20  Hydralisk x2  
  93  10:25  Roach x3  
  93  10:28  Hatchery  
  92  10:35  Roach  
  92  10:36  Roach  
  92  10:40  Zerg Ground Armor Level 3, Zerg Missile Weapons Level 3  
  92  10:42  Roach  
  96  10:48  Roach  
  92  10:57  Roach x3  
  92  10:58  Roach  
  98  11:07  Roach x3  
  101  11:20  Roach x3  
  107  11:33  Hydralisk  
  107  11:34  Hydralisk x4  
  116  11:45  Drone x2  
  118  11:47  Viper  
  118  11:48  Ravager  
  122  11:55  Roach  
  122  11:56  Roach x2  
  128  12:07  Roach x4  
  136  12:10  Ravager  
  137  12:24  Roach x6  
  140  12:35  Drone x5  
  141  12:43  Drone  
  142  12:50  Hydralisk x4  
  150  12:57  Drone  
  151  13:01  Drone  
  151  13:02  Spore Crawler  
  151  13:04  Spore Crawler  
  150  13:18  Roach x5  
Tags
 
Add a new tag
Caveats
  • Supply blocks, unpowered buildings, or Contaminate may cause inaccurate times.
  • Supply counts are checked every 10 seconds.